 Dungeon Crawl Stone Soup version 0.28-a0-925-gd5e1996cdb (webtiles) character file.

Game seed: 8187976431760524466

27 Sobieck the Caller (level 2, 11/11 HPs)
             Began as a Felid Summoner on Nov 26, 2021.
             Was a Follower of Dithmenos.
             Got out of the dungeon alive.
             The game lasted 00:04:41 (1284 turns).

Sobieck the Caller (Felid Summoner)                 Turns: 1284, Time: 00:04:42

Health: 11/11      AC:  1    Str:  4    XL:     2   Next: 93%
Magic:  6/6        EV: 17    Int: 16    God:    Dithmenos [*.....]
Gold:   19         SH:  0    Dex: 16    Spells: 2/5 levels left
                                        Lives:  0   Deaths: 0

rFire   . . .      SeeInvis +   (weapon unavailable)
rCold   . . .      Faith    .   (shield unavailable)
rNeg    . . .      Spirit   .   (armour unavailable)
rPois   .          Reflect  .   (helmet unavailable)
rElec   .          Harm     .   (cloak unavailable)
rCorr   .          Rampage  .   (gloves unavailable)
Will    .....                   (boots unavailable)
Stlth   +++.......              (no amulet)
HPRegen 0.03/turn               (no ring)
MPRegen 0.10/turn               (no ring)

@: wreathed by umbra, quick
A: very small, claws 1, fangs 3, see invisible, speed 1, shaggy fur 1, stealthy
paws, no weapons or thrown items, no armour, multi-lived
a: Renounce Religion


You escaped.
You worshipped Dithmenos.
Dithmenos was aware of your devotion.
You visited 1 branch of the dungeon, and saw 2 of its levels.

You collected 19 gold pieces.


Innate Abilities, Weirdness & Mutations

You have sharp claws.
You have razor-sharp teeth.
You have supernaturally acute eyesight. (SInv)
You cover ground quickly. (Speed+)
You are covered in fur. (AC +1)
Your paws help you pounce on unaware monsters.
You are incapable of wielding weapons or throwing items.
You cannot wear armour.
You gain extra lives every three experience levels.


   Skills:
 - Level 2.6 Dodging
 - Level 2.6 Stealth
 - Level 2.0 Spellcasting
 + Level 5.0 Summonings


You had 2 spell levels left.
You knew the following spells:

 Your Spells              Type           Power      Damage    Failure   Level
a - Summon Small Mammal   Summ           68%        N/A       2%          1
b - Call Imp              Summ           17%        N/A       4%          2

Your spell library contained the following spells:

 Spells                   Type           Power      Damage    Failure   Level
 Call Canine Familiar     Summ           17%        N/A       8%          3
 Summon Guardian Golem    Hex/Summ       9%         N/A       22%         3
 Summon Lightning Spire   Summ/Air       9%         N/A       58%         4

Inventory:

Scrolls
 b - a scroll of identify {unknown}
 c - a scroll of enchant weapon {unknown}
Potions
 a - 2 potions of curing {unknown}
 d - a potion of mutation {unknown}
 e - a potion of might {unknown}
 f - a potion of lignification {unknown}

Dungeon Overview and Level Annotations

Branches:
Dungeon (2/15)

Altars:
Dithmenos

Annotations:
D:1 exclusion: downstairs

######...#.###...'..........(....
##.....##.# #.8.#...............
#..##..#..###...#...............
##.###......##...#...............
#..# #.......######.##...........
#.#####..###.######'###.......^..
..###........##.....# ######.####
......#.#######...(.# #.#
#..###..# #.@##.# #.# ##.###.###
#.....# #.# #.......#
#.....###### #.# #####.#.###
########...# #.# #..#...#
#####...# #.# ###..###.#
#.......###.# #....# #.#
#.......#...# #.##.# #.###
#.......#.### ###.##.# #...##
#.......#.###


There were no monsters in sight!


Message History

The puff of frost hits the ball python!
The ball python dies!
You swap places.
A kobold comes into view. It is wielding a +0 short sword.
Danger!
What are your orders? t - Meow!
Orders for allies: a - Attack new target. r - Retreat! s - Stop attacking. g - Guard the area. f - Follow me.
Anything else - Cancel.
Gang up on whom?
Press: ? - help, Dir - move target, f - kobold
Aim: a kobold, wielding a +0 short sword and quivering stones (asleep) Attack!
Unknown command.
What are your orders? t - Meow!
Orders for allies: a - Attack new target. p - Attack previous target. r - Retreat! s - Stop attacking. g - Guard the area. f - Follow me.
Anything else - Cancel.
Okay, then.
Unknown command.
Unknown command.
You swap places.
The kobold shouts!
Your white imp gestures at the kobold.
The puff of frost hits the kobold.
The kobold dies!
There is a faded altar of an unknown god here.
a - 2 blue potions (gained 1)
You swap places.
There is a faded altar of an unknown god here.
Things that are here:
a +0 short sword {short}; 3 stones {throwing}; a kobold corpse
There is a faded altar of an unknown god here.
You cannot tell which god this altar belongs to.
Convert to them anyway?
Okay, then.
You cannot tell which god this altar belongs to.
Convert to them anyway?
Dithmenos accepts your prayer! Dithmenos welcomes you!
You are shrouded in an aura of darkness!
Your rat disappears in a puff of smoke!
Your white imp disappears in a puff of smoke!
An endoplasm comes into view.
Danger!
The endoplasm barely misses your rat.
Your rat bites the endoplasm.
The endoplasm closely misses your rat.
Your rat bites the endoplasm.
The endoplasm dies!
Dithmenos accepts your kill.
You swap places.
A rat comes into view.
Your rat disappears in a puff of smoke!
Danger!
Unknown command.
Your bat hits the rat.
Your bat barely misses the rat.
The rat bites your bat but does no damage.
Your bat closely misses the rat.
Your bat barely misses the rat.
Your bat hits the rat but does no damage.
The rat closely misses your bat.
Your bat hits the rat but does no damage.
Your bat closely misses the rat.
Your bat hits the rat.
The rat dies!
Dithmenos accepts your kill.
Your Summonings skill increases to level 5!
You swap places.
Your bat disappears in a puff of smoke!
You swap places.
You swap places.
Your bat disappears in a puff of smoke!
You see here a +0 scale mail.
There is a stone staircase leading down here.
d - a bubbling brown potion
e - a fuming inky potion You now have 19 gold pieces (gained 4).
You see here a ball python skeleton.
You open the door.
There is an open door here.
f - a murky pink potion
(D) Dungeon
Where to? (Enter - D:1, ? - help)
Okay, then.
(D) Dungeon
Where to? (Enter - D:1, ? - help)
What level of the Dungeon? (default 1, ? - help)
Okay, then.
Unknown command.
There is an open door here.
There is an open door here.
You see here 26 stones {throwing}.
There is a staircase leading out of the dungeon here.
You can't go down here!
Unknown command.
Are you sure you want to leave the Dungeon?
This will make you lose the game!
Alright, then stay!
Are you sure you want to leave the Dungeon?
This will make you lose the game!
You have escaped!

Skill      XL: |  1  2 |
---------------+-------+-----
Summonings     | 5 |  5.0
Dodging        | |  2.6
Stealth        | |  2.6
Spellcasting   | |  2.0

Action                   || total
-------------------------++-------
Melee: Unarmed           ||    13
       Bite              ||     2
 Cast: Summon Small Mamm ||    26
       Call Imp          ||     5
 Stab: Distracted        ||     1
Dodge: Dodged            ||     8

Levels and vault maps discovered:
D:1:      dpeg_arrival_rooms_b, layout_rooms, nicolae_ecumenical_snake_handling
D:2:      layout_basic, minmay_misc_feat_four_crosses

Notes
Turn   | Place    | Note
-------+----------+-------------------------------------------
     0 | D:1      | Sobieck the Felid Summoner began the quest for the Orb.
     0 | D:1      | Reached XP level 1. HP: 7/7 MP: 4/4
    13 | D:1      | You fall into a shaft and drop 1 floor!
    39 | D:2      | HP: 1/7 [quokka (4)]
   439 | D:1      | Reached XP level 2. HP: 8/11 MP: 1/6
   442 | D:1      | Learned a level 2 spell: Call Imp
   918 | D:1      | Found a faded altar of an unknown god.
   937 | D:1      | Prayed at the altar of an unknown god.
   937 | D:1      | Became a worshipper of Dithmenos the Shadowed
   937 | D:1      | Reached * piety under Dithmenos
  1013 | D:1      | Reached skill level 5 in Summonings
  1284 | D:$      | Got out of the dungeon alive.

Vanquished Creatures
  A hobgoblin (D:2)
  A frilled lizard (D:1)
2 creatures vanquished.

Vanquished Creatures (collateral kills)
  A gnoll (D:1)
  A worm (D:2)
  2 endoplasms (D:1)
  A goblin (D:1)
  A quokka (D:2)
  4 ball pythons (D:1)
  2 kobolds (D:1)
  A rat (D:1)
13 creatures vanquished.

Grand Total: 15 creatures vanquished

Table legend:
 A = Non-vault XP
 B = Vault XP
 C = Vault XP percentage of total XP
 D = Non-vault monster count
 E = Vault monster count
 F = Vault count percentage of total count
                 A         B        C        D         E       F
            +---------+---------+-------+---------+---------+-------
      Total |      35 |       4 |  10.3 |      12 |       3 |  20.0
            +---------+---------+-------+---------+---------+-------
        D:1 |      26 |       4 |  13.3 |       9 |       3 |  25.0
        D:2 |       9 |       0 |   0.0 |       3 |       0 |   0.0
            +---------+---------+-------+---------+---------+-------

Illustrated notes

Table legend:
 A = Kills in this place as a percentage of kills in entire the game.
 B = Kills by you in this place as a percentage of kills by you in the entire game.
 C = Kills by friends in this place as a percentage of kills by friends in the entire game.
 D = Other kills in this place as a percentage of other kills in the entire game.
 E = Experience gained in this place as a percentage of experience gained in the entire game.
 F = Experience gained in this place divided by the number of levels of this place that you have seen.
                   A       B       C       D       E      F
               +-------+-------+-------+-------+-------+----------------------
         Total | 100.0 | 100.0 | 100.0 |   N/A | 100.0 |  19.5
       Dungeon | 100.0 | 100.0 | 100.0 |   N/A | 100.0 |  19.5
               +-------+-------+-------+-------+-------+----------------------

Table legend: (Time is in decaauts)
 A = Elapsed time spent in this place.
 B = Non-inter-level travel time spent in this place.
 C = Inter-level travel time spent in this place.
 D = Time resting spent in this place.
 E = Time spent auto-exploring this place.
 F = Levels seen in this place.
 G = Mean time per level.
                   A        B        C        D        E       F      G
               +--------+--------+--------+--------+--------+-----+--------+
         Total |   1168 |   1165 |      3 |    244 |    695 |   2 |  584.0 |
       Dungeon |   1168 |   1165 |      3 |    244 |    695 |   2 |  584.0 |
               +--------+--------+--------+--------+--------+-----+--------+

Top non-repeatable levels by time:
     D:1: 821 daAuts
     D:2: 347 daAuts
